 Dungeon Crawl Stone Soup version 0.21.1-1-g345015f (webtiles) character file.

926 Fang the Chopper (level 8, -12/51 HPs)
             Began as a Gargoyle Berserker on June 6, 2018.
             Was a Believer of Trog.
             Mangled by an ice beast (13 damage)
             ... on level 5 of the Dungeon.
             The game lasted 00:04:40 (4844 turns).

Fang the Chopper (Gargoyle Berserker)               Turns: 4844, Time: 00:04:41

Health: -12/51     AC:  8    Str: 22    XL:     8   Next: 10%
Magic:  8/8        EV: 13    Int:  9    God:    Trog [**....]
Gold:   258        SH:  0    Dex:  9    Spells: 7/7 levels left

rFire    . . .     SeeInvis .   a - +2 hand axe
rCold    . . .     Gourm    .   (no shield)
rNeg     + . .     Faith    .   b - +1 animal skin
rPois    ∞         Spirit   .   (no helmet)
rElec    +         Reflect  .   (no cloak)
rCorr    +         Harm     .   (no gloves)
MR       .....                  (no boots)
Stlth    +.........             v - amulet of magic regeneration
HPRegen  0.17/turn              l - ring of poison resistance
MPRegen  0.36/turn              y - ring of resist corrosion

@: confused, very slightly contaminated
A: negative energy resistance 1, electricity resistance, unbreathing,
petrification resistance, rot immunity, AC +5
a: Berserk, Trog's Hand, Burn Spellbooks, Renounce Religion


You were on level 5 of the Dungeon.
You worshipped Trog.
Trog was pleased with you.
You were hungry.

You visited 1 branch of the dungeon, and saw 5 of its levels.

You collected 258 gold pieces.

Inventory:

Hand Weapons
 a - a +2 hand axe (weapon)
Missiles
 o - 8 javelins (quivered)
Armour
 b - a +1 animal skin (worn)
Jewellery
 l - a ring of poison resistance (left hand)
 v - an amulet of magic regeneration (around neck)
 y - a ring of resist corrosion (right hand)
Scrolls
 d - 4 scrolls of remove curse
 e - 2 scrolls of identify
 k - 2 scrolls of enchant armour
 m - 3 scrolls of teleportation
 n - 3 scrolls of fear
 s - 2 scrolls of fog
 x - a scroll of noise
Potions
 f - a potion of berserk rage
 j - 2 potions of might
 r - a potion of heal wounds
 t - a potion of agility
Books
 p - Kikubaaqudgha's Papyrus of Black Rites
   (You found it on level 2 of the Dungeon)

   Spells                             Type                      Level
   a - Animate Skeleton               Necromancy                   1
   Trog disapproves of the use of such an item.
Comestibles
 c - 8 rations


   Skills:
 + Level 5.7 Fighting
 + Level 6.3 Axes
 + Level 2.9 Armour
 + Level 3.5 Dodging
 + Level 2.3 Stealth


You had 7 spell levels left.
You didn't know any spells.

Dungeon Overview and Level Annotations

Branches:
Dungeon (5/15)
 Temple: D:4-7

Altars:
Ashenzari
Cheibriados
Kikubaaqudgha
Sif Muna
Vehumet
The Shining One


Innate Abilities, Weirdness & Mutations

You are resistant to torment.
Your stone body is resilient. (AC +5)
You are immune to poison.
You resist negative energy. (rN+)
You are resistant to electric shocks. (rElec)
You can survive without breathing.
You are immune to petrification.
You are immune to rotting.


Message History

The ice beast hits you but does no damage.
In your confused state, you trip and fall back down the stairs.
The orc wizard hits you but does no damage.
The orc wizard gestures at you while chanting.
The puff of flame misses you. The ice beast hits you.
The ice beast freezes you!
The ogre hits you with a giant spiked club!!
* * * LOW HITPOINT WARNING * * *
The orc wizard points at you and mumbles some strange words.
You resist with some effort.
The orc wizard looks encouraged for a moment.
The ice beast barely misses you.
In your confused state, you trip and fall back down the stairs.
* * * LOW HITPOINT WARNING * * *
The ogre hits you with a giant spiked club!
* * * LOW HITPOINT WARNING * * *
The orc wizard completely misses you. The ice beast hits you.
* * * LOW HITPOINT WARNING * * *
The ice beast freezes you!
You die...

..........
.........#
.........#
$.../....##
..........#
#.........##
...........###.
.###...Y.......
.#.#..o@O#.....
#.###oo##.....
..:..#..# ....
##o# #.## ...
.#. .. ... .#
..# .. ##.


You could see an ice beast, an ogre and 3 orc wizards.

Vanquished Creatures
  The ghost of Nexodas the Merchant of Misery, an amateur HuNe of Kikubaaqudgha (D:4)
  The ghost of Fang the Skirmisher, an amateur GrBe of Trog (D:3)
  A phantom (D:4)
  2 ogres (D:4)
  A howler monkey (D:4)
  A bullfrog zombie (D:4)
  2 hounds (D:4)
  A jelly (D:2)
  An orc priest (D:4)
  A centaur skeleton (D:4)
  2 worker ants
  4 gnolls (D:4)
  5 adders
  2 adder skeletons (D:2)
  3 worms
  5 leopard geckos
  3 orcs (D:4)
  A ball python (D:2)
  6 bats
  A bat skeleton (D:2)
  A bat zombie (D:2)
  2 giant cockroaches
  7 goblins
  9 hobgoblins
  4 jackals (D:4)
  3 quokkas
  A ball python zombie (D:2)
  2 frilled lizards
  A giant cockroach zombie (D:2)
  4 kobolds
  A leopard gecko zombie (D:2)
  7 rats
86 creatures vanquished.

Notes
Turn   | Place    | Note
-------+----------+-------------------------------------------
     0 | D:1      | Fang the Gargoyle Berserker began the quest for the Orb.
     0 | D:1      | Reached XP level 1. HP: 14/14 MP: 1/1
   535 | D:1      | Reached skill level 3 in Axes
   562 | D:1      | Reached XP level 2. HP: 17/19 MP: 2/2
  1227 | D:2      | Reached skill level 1 in Stealth
  1227 | D:2      | Reached XP level 3. HP: 11/24 MP: 3/3
  1446 | D:2      | Reached XP level 4. HP: 23/29 MP: 4/4
  1730 | D:2      | Reached ** piety under Trog
  1790 | D:2      | Found a deep blue altar of Sif Muna.
  1790 | D:2      | Found an ancient bone altar of Kikubaaqudgha.
  1889 | D:2      | Found a radiant altar of Vehumet.
  1899 | D:2      | Identified Kikubaaqudgha's Papyrus of Black Rites
  2132 | D:2      | Reached skill level 4 in Axes
  2361 | D:3      | Reached XP level 5. HP: 21/33 MP: 5/5
  2581 | D:3      | Noticed Fang's ghost (amateur GrBe)
  2588 | D:3      | Killed Fang's ghost
  2588 | D:3      | Reached XP level 6. HP: 18/39 MP: 6/6
  2790 | D:3      | Found a shattered altar of Ashenzari.
  3073 | D:3      | Found a snail-covered altar of Cheibriados.
  3448 | D:4      | Reached skill level 5 in Axes
  3566 | D:4      | Noticed Nexodas's ghost (amateur HuNe)
  3602 | D:4      | Killed Nexodas's ghost
  3602 | D:4      | Reached XP level 7. HP: 36/44 MP: 7/7
  3812 | D:4      | Reached skill level 5 in Fighting
  4026 | D:4      | Reached skill level 6 in Axes
  4070 | D:4      | Reached XP level 8. HP: 26/50 MP: 8/8
  4587 | D:4      | Found a glowing golden altar of the Shining One.
  4631 | D:5      | Entered Level 5 of the Dungeon
  4844 | D:5      | HP: 1/51 [ice beast (3)]
  4844 | D:5      | Mangled by an ice beast

Skill      XL: |  1  2  3  4  5  6  7 |
---------------+----------------------+-----
Axes           | 3 4 5 6 |  6.3
Stealth        | 1 2 |  2.3
Dodging        | 2 3 |  3.5
Fighting       | 4 5 |  5.7
Armour         | |  2.9

Action                   |  1- 3 |  4- 6 |  7- 9 || total
-------------------------+-------+-------+-------++-------
Melee: Hand axe          |    95 |   139 |   117 ||   351
Invok: Berserk           |     1 |     4 |     2 ||     7
  Use: Scroll            |       |       |    13 ||    13
       Potion            |       |       |     3 ||     3
 Stab: Sleeping          |       |     2 |       ||     2
  Eat: Chunk             |     2 |    10 |     6 ||    18
Armor: Animal skin       |    30 |    39 |     4 ||    73
       Leather armour    |       |    11 |    48 ||    59
Dodge: Dodged            |    80 |    77 |    84 ||   241
